 Dungeon Sprint DCSS version 0.31-a0-66-ge618eeaa78 (webtiles) character file.

Game seed: 4634053237895695628

2275 sircluck the Grappler (level 9, -2/100 HPs)
             Began as a Troll Berserker on May 22, 2023.
             Was a High Priest of Trog.
             Slain by a centaur warrior (12 damage)
             ... in the Dungeon (Sprint II: "The Violet Keep of Menkaure").
             The game lasted 00:03:43 (386 turns).

sircluck the Grappler (Troll Berserker)              Turns: 386, Time: 00:03:43

Health: -2/100     AC:  4    Str: 29    XL:     9   Next: 16%
Magic:  8/8        EV: 13    Int:  3    God:    Trog [*****.]
Gold:   239        SH:  0    Dex: 11    Spells: 8/8 levels left

rFire   . .          .
                       - Unarmed
rCold   . . .        (no shield)
rNeg    . . .        a - +0 animal skin
rPois   .            (helmet restricted)
rElec   .            (no cloak)
rCorr   .            (gloves unavailable)
SInv    .            (boots unavailable)
Will    .....        (no amulet)
Stlth   ++           (no ring)
HPRegen 1.16/turn    (no ring)
MPRegen 0.11/turn

%: no teleportation, random rage (9%)
@: on berserk cooldown, slowed, very slow
A: large, unfitting armour, claws 3, regeneration 1, shaggy fur 1, tough skin 1,
berserk 2, subdued magic 1
a: Renounce Religion, Berserk, Trog's Hand, Brothers in Arms


You were in the Dungeon.
You worshipped Trog.
Trog was extremely pleased with you.
You visited 1 branch You collected 972 gold pieces.
You spent 733 gold pieces at shops.

Inventory:

Armour
 a - a +0 animal skin (worn)
Jewellery
 j - a ring of flight
 k - a +6 ring of strength
Scrolls
 g - a scroll of blinking
 h - a scroll of magic mapping
Potions
 d - a potion of haste
 e - 2 potions of magic
 f - a potion of berserk rage
 i - a potion of enlightenment


   Skills:
 + Level 9.4 Fighting
 + Level 9.4 Dodging
 + Level 1.3 Stealth
 + Level 14.5 Unarmed Combat


You had 8 spell levels left.
You didn't know any spells.
Your spell library was empty.

Dungeon Overview and Level Annotations

Branches:
Dungeon (1/1)

Altars:
Fedhas
Gozag
Nemelex Xobeh
Okawaru

Shops:
D :!?(*=[[[[:=[!!

Annotations:
D exclusions: ice statue and oklob plant


Innate Abilities, Weirdness & Mutations

You are too large for most types of armour.
You have claws for hands.
Your natural rate of healing is unusually fast.
You are covered in fur. (AC +1)
You have tough skin. (AC +1)
You have an uncontrollable temper.
Your spells are a little easier to cast, but a little less powerful.


Message History

You closely miss Kirke. You claw Kirke!
Kirke is heavily wounded.
Kirke hits you.
* * * LOW HITPOINT WARNING * * *
You scratch Kirke. You claw Kirke!
Kirke is severely wounded.
You are no longer berserk.
You are exhausted.
You feel yourself slow down.
You feel much better. Kirke misses you.
Kirke mumbles some strange words.
Kirke flickers and vanishes!
Deactivating autopickup; reactivate with Ctrl-A.
You barely miss something. Something hits you!
* * * LOW HITPOINT WARNING * * *
You claw something! Your claw misses something. Something hits you.
* * * LOW HITPOINT WARNING * * *
You mangle something!! Trog accepts your kill.
Trog appreciates your killing of a magic user.
Reactivating autopickup.
You feel a bit more experienced. The centaur warrior hits you!
* * * LOW HITPOINT WARNING * * *
The centaur warrior kicks you.
* * * LOW HITPOINT WARNING * * *
Your Fighting skill increases to level 9!
Your Dodging skill increases to level 9!
Your Stealth skill increases to level 1!
Your Unarmed Combat skill gained 2 levels and is now at level 14!
You have reached level 9!
Your experience leads to an increase in your attributes!
Increase (S)trength, (I)ntelligence, or (D)exterity?
You feel agile. x2; You feel stronger.
Unknown command.
Unknown command.
Unknown command.
You feel better. The centaur warrior barely misses you.
The centaur warrior kicks you but does no damage.
The centaur warrior hits you!
You die...

####c@~...÷.....#
.∩.#~~H~.##'##..#
∩..#~~~~###..##.####
...#~~~~#.##..# ...#
...#~~####.#.####..##
...#~##.###'###.##..#
∩..#~##.c##.##..##..#
.∩.'~+.##H.<.'.##+..### ##
∩.∩#~##..##.##.#@#....###^..
▓###~##.###)###c##§§....~~~~
####~~####.).####~~..§..~#+#
G ##~~~#..#..#~~~~~~~..~#_.
.#+ #'#~##...##~~~~~~~§§~#._
##z##)#~~##'##~~~≈≈§§§§§§#_.
#zz.####~~~~†~~~~~≈≈≈§§~~#._
z... #+++#+++#~≈§≈≈≈≈≈~#..
≈SS≈§ ##§≈≈###≈≈#..


You could see a centaur warrior.

Vanquished Creatures
  Kirke (D)
  A merfolk siren (D)
  4 neqoxecs (D)
  Menkaure (D)
  2 water moccasins (D)
  4 scorpions (D)
  A hell rat (D)
  3 worms (D)
17 creatures vanquished.

Notes
Turn   | Place    | Note
-------+----------+-------------------------------------------
     0 | D        | sircluck the Troll Berserker began the quest for the Orb.
     0 | D        | Reached XP level 1. HP: 22/22 MP: 0/0
    14 | D        | Reached ** piety under Trog
    15 | D        | Reached XP level 2. HP: 20/31 MP: 1/1
    19 | D        | Noticed an ice statue
    23 | D        | Noticed a water moccasin
    31 | D        | Killed a water moccasin
    32 | D        | Reached skill level 5 in Dodging
    32 | D        | Reached skill level 6 in Unarmed Combat
    32 | D        | Reached XP level 3. HP: 27/40 MP: 2/2
    32 | D        | Reached XP level 4. HP: 33/49 MP: 3/3
    34 | D        | Found Aleedo's Armour Shop.
    34 | D        | Found Ycuod's Distillery.
    35 | D        | Found Cajehir's Distillery.
    36 | D        | Found Zybbuf's Armour Shop.
    36 | D        | Found Deoqiann's Book Shop.
    36 | D        | Found Geudutz's Jewellery Boutique.
    39 | D        | Found Viqeur's Antique Armour Shop.
    39 | D        | Found Aschiogoo's Antique Armour Boutique.
    39 | D        | Found Afejedy's Jewellery Boutique.
    39 | D        | Found Hoabepso's Antique Armour Shop.
    40 | D        | Found Ajuu's Antique Weapon Shop.
    40 | D        | Found Kyunt's Magic Scroll Boutique.
    40 | D        | Found Zoer Gad's General Store.
    41 | D        | Found Yvvimano's Distillery.
    58 | D        | Noticed a water moccasin
    66 | D        | Killed a water moccasin
    67 | D        | Reached skill level 5 in Fighting
    67 | D        | Reached skill level 7 in Unarmed Combat
    67 | D        | Reached XP level 5. HP: 24/57 MP: 4/4
    71 | D        | Noticed Menkaure
    74 | D        | Found an iron altar of Okawaru.
    74 | D        | Found an opulent altar of Gozag.
    75 | D        | Found a sparkling altar of Nemelex Xobeh.
    75 | D        | Found a blossoming altar of Fedhas.
    76 | D        | Killed Menkaure
    76 | D        | Reached *** piety under Trog
   109 | D        | Noticed a neqoxec
   109 | D        | Noticed a neqoxec
   114 | D        | Gained mutation: You sometimes lose your temper in combat.
                  | [a neqoxec]
   115 | D        | Killed a neqoxec
   116 | D        | Reached skill level 9 in Unarmed Combat
   116 | D        | Reached XP level 6. HP: 66/68 MP: 5/5
   118 | D        | Killed a neqoxec
   118 | D        | Noticed a neqoxec
   124 | D        | Gained mutation: You have an uncontrollable temper. [a
                  | neqoxec]
   125 | D        | Gained mutation: Your spells are a little easier to cast,
                  | but a little less powerful. [a neqoxec]
   128 | D        | Killed a neqoxec
   128 | D        | Reached **** piety under Trog
   129 | D        | Reached skill level 10 in Unarmed Combat
   129 | D        | Reached XP level 7. HP: 66/78 MP: 6/6
   130 | D        | Noticed a neqoxec
   135 | D        | Killed a neqoxec
   136 | D        | Reached skill level 11 in Unarmed Combat
   161 | D        | Reached ***** piety under Trog
   175 | D        | Noticed a merfolk siren
   203 | D        | Killed a merfolk siren
   203 | D        | Received a gift from Trog
   204 | D        | Reached skill level 12 in Unarmed Combat
   204 | D        | Reached XP level 8. HP: 50/89 MP: 7/7
   239 | D        | Noticed an oklob plant
   240 | D        | Found Xeicki's Book Shoppe.
   242 | D        | Noticed a death yak
   244 | D        | Noticed a shining eye
   245 | D        | Noticed a shining eye
   247 | D        | Noticed a shining eye
   248 | D        | Noticed a flying skull
   248 | D        | Noticed a flying skull
   249 | D        | Noticed a flying skull
   249 | D        | Noticed a flying skull
   315 | D        | Bought a scroll of magic mapping for 90 gold pieces
   324 | D        | Bought a potion of enlightenment for 55 gold pieces
   327 | D        | Bought a ring of flight for 192 gold pieces
   327 | D        | Bought a +6 ring of strength for 396 gold pieces
   341 | D        | Noticed a centaur warrior
   341 | D        | Noticed Kirke
   341 | D        | Noticed a skeletal warrior
   345 | D        | Noticed a sphinx
   385 | D        | Killed Kirke
   385 | D        | HP: 4/89 [centaur warrior (11)]
   386 | D        | Reached skill level 1 in Stealth
   386 | D        | Reached skill level 14 in Unarmed Combat
   386 | D        | Reached XP level 9. HP: 3/100 MP: 8/8
   386 | D        | Slain by a centaur warrior

Illustrated notes

Levels and vault maps discovered:
D:        the_violet_keep_of_menkaure [sprint2_stairs_cluster_1,
          sprint2_shoproom, sprint2_temple, sprint2_basic_supplies,
          sprint2_obstacle_7, sprint2_obstacle_6, sprint2_obstacle_2,
          sprint2_obstacle_1, sprint2_obstacle_4, sprint2_timed_cluster_1,
          sprint2_smallroom_cluster_1, sprint2_smallroom_final_cluster_1,
          sprint2_transparent_cluster_1, sprint2_second_timed_cluster_1,
          sprint2_sniper_area_1, sprint2_heavy_combat_area_1,
          sprint2_mutation_trap_area_1, sprint2_forest_area_1,
          sprint2_light_combat_area_1, sprint2_behind_water_1,
          sprint2_near_end_vault_1]

Skill      XL: |  1  2  3  4  5  6  7  8 |
---------------+-------------------------+-----
Fighting       | 3 4 5 6 7 8 9 |  9.4
Dodging        | 3 5 6 7 8 9 |  9.4
Unarmed Combat | 6 7 9 10 12 14 | 14.5
Stealth        | 1 |  1.3

Action                     |  1- 3 |  4- 6 |  7- 9 || total
---------------------------+-------+-------+-------++-------
  Melee: Unarmed           |    20 |    25 |    38 ||    83
         Punch             |       |     2 |     4 ||     6
 Invoke: Berserk           |       |       |     1 ||     1
    Use: Potion            |       |       |     2 ||     2
 Armour: Animal skin       |     1 |     1 |     3 ||     5
  Dodge: Dodged            |     8 |     4 |    17 ||    29

Table legend: (Time is in decaauts)
 A = Elapsed time spent in this place.
 B = Non-inter-level travel time spent in this place.
 C = Inter-level travel time spent in this place.
 D = Time resting spent in this place.
 E = Time spent auto-exploring this place.
 F = Levels seen in this place.
 G = Mean time per level.
                   A        B        C        D        E       F      G
               +--------+--------+--------+--------+--------+-----+--------+
         Total |    378 |    378 |      0 |     58 |     30 |   1 |  378.0 |
       Dungeon |    378 |    378 |      0 |     58 |     30 |   1 |  378.0 |
               +--------+--------+--------+--------+--------+-----+--------+

Top non-repeatable levels by time:
       D: 378 daAuts
